 Dungeon Crawl Stone Soup version 0.26.1-11-gd32895ea62 (webtiles) character file.

Game seed: 7569149417025397214

208701 Zeld the Fiendish (level 18, -4/182 HPs)
             Began as a Deep Dwarf Fighter on June 4, 2021.
             Was a Priest of Makhleb.
             Slain by Xihoome's ghost (33 damage)
             ... on level 1 of the Elven Halls.
             The game lasted 01:13:07 (37421 turns).

Zeld the Fiendish (Deep Dwarf Fighter)             Turns: 37421, Time: 01:13:08

Health: -4/182     AC: 23    Str: 27    XL:     18   Next: 51%
Magic:  0/0        EV:  7    Int: 17    God:    Makhleb [***...]
Gold:   950        SH: 19    Dex:  9    Spells: 17/17 levels left

rFire    + . .     SeeInvis .   P - +2 long sword (vamp)
rCold    + . .     Faith    .   c - +0 kite shield
rNeg     + . .     Spirit   .   j - +7 plate armour of the Gusle {Int+7}
rPois    +         Reflect  +   o - +2 helmet
rElec    .         Harm     .   r - +0 cloak
rCorr    +         Rampage  .   m - +0 pair of gloves of Agnosticism {rF+ rC+ rCorr Dex-3}
Will     +++..                  (no boots)
Stlth    ..........             w - amulet of reflection
HPRegen  0.00/turn              v - ring of willpower
MPRegen  0.07/turn              A - ring of Wemol {rPois rCorr}

@: non-regenerating, studying Evocations
A: damage resistance, heal wounds, negative energy resistance 1, sense
surroundings 3, no regeneration
a: Heal Wounds, Renounce Religion, Minor Destruction, Lesser Servant of Makhleb


You were on level 1 of the Elven Halls.
You worshipped Makhleb.
Makhleb was most pleased with you.
You visited 7 branches of the dungeon, and saw 28 of its levels.
You also visited: Bailey, Ice Cave and Volcano.

You collected 3613 gold pieces.
You spent 2663 gold pieces at shops.

Inventory:

Hand Weapons
 a - a +5 war axe of freezing
 b - the +4 hand axe "Ogreslayer" {vorpal, +Inv rF+ Int+4 SInv Stlth+}
   (You took it off a yaktaur on level 14 of the Dungeon)

   It inflicts extra damage upon your enemies.
   It affects your intelligence (+4).
   It protects you from fire.
   It lets you see invisible.
   It lets you turn invisible.
   It makes you more stealthy.
 P - a +2 vampiric long sword (weapon)
Armour
 c - a +0 kite shield (worn)
 i - a +2 pair of gloves of archery
 j - the +7 plate armour of the Gusle (worn) {Int+7}
   (You found it in a bailey)

   It affects your intelligence (+7).
 m - the +0 pair of gloves of Agnosticism (worn) {rF+ rC+ rCorr Dex-3}
   (You found it in a volcano)

   It affects your dexterity (-3).
   It protects you from fire.
   It protects you from cold.
   It provides partial protection from all sources of acid and corrosion.
 o - a +2 helmet (worn)
 r - a +0 cloak (worn)
Jewellery
 n - a cursed amulet of inaccuracy {unknown}
 v - a ring of willpower (left hand)
 w - an amulet of reflection (around neck)
 A - the ring of Wemol (right hand) {rPois rCorr}
   (You found it on level 4 of the Lair of Beasts)

   [ring of resist corrosion]

   It protects you from poison.
   It provides partial protection from all sources of acid and corrosion.
 H - an uncursed ring of protection from cold
 Q - an uncursed ring of protection from fire
Wands
 f - a wand of paralysis (7)
 s - a wand of enslavement (23)
 y - a wand of disintegration (48)
 B - a wand of flame (21)
 N - a wand of polymorph (21)
 R - a wand of acid (3)
Scrolls
 h - 14 scrolls of teleportation
 l - 2 scrolls of fear
 p - 16 scrolls of remove curse
 q - a scroll of blinking
 z - a scroll of identify
 K - a scroll of enchant armour
 V - a scroll of magic mapping
Potions
 d - 6 potions of might
 g - 5 potions of curing
 t - 2 potions of haste
 u - 5 potions of brilliance
 C - a potion of cancellation
 D - 5 potions of flight
 I - 4 potions of magic
 L - a potion of berserk rage
 O - 2 potions of resistance
 S - a potion of invisibility
Books
 e - a manual of Evocations
Miscellaneous
 x - a box of beasts (inert)
 E - a phial of floods
 G - a condenser vane
 J - a lightning rod (4/4)
 M - a phantom mirror


   Skills:
 * Level 16.3 Fighting
 - Level 16.0 Axes
 - Level 3.2 Armour
 - Level 15.0 Shields
 * Level 21.5 Invocations
 + Level 1.2 Evocations


You had 17 spell levels left.
You didn't know any spells.
Your spell library contained the following spells:

 Spells                   Type           Power        Failure   Level
 Apportation              Tloc           0%           97%         1
 Sandblast                Erth           0%           97%         1
 Passwall                 Tmut/Erth      0%           99%         2
 Slow                     Hex            0%           99%         2
 Swiftness                Air            0%           99%         2
 Inner Flame              Hex/Fire       0%           100%        3
 Lesser Beckoning         Tloc           0%           100%        3
 Portal Projectile        Hex/Tloc       0%           100%        3
 Stone Arrow              Conj/Erth      0%           100%        3
 Summon Guardian Golem    Hex/Summ       0%           100%        3
 Tukima's Dance           Hex            0%           100%        3
 Cause Fear               Hex            0%           100%        4
 Fulminant Prism          Conj/Hex       0%           100%        4
 Passage of Golubria      Tloc           N/A          100%        4
 Petrify                  Tmut/Erth      0%           100%        4
 Alistair's Intoxication  Tmut/Pois      0%           100%        5
 Bolt of Magma            Conj/Fire/Erth 0%           100%        5
 Iskenderun's Battlesphe  Conj           0%           100%        5
 Lee's Rapid Deconstruct  Erth           0%           100%        5
 Silence                  Hex/Air        0%           100%        5
 Yara's Violent Unravell  Hex/Tmut       0%           100%        5
 Invisibility             Hex            0%           100%        6
 Iron Shot                Conj/Erth      0%           100%        6
 Malign Gateway           Summ/Tloc      0%           100%        7
 Monstrous Menagerie      Summ           0%           100%        7
 Orb of Destruction       Conj           0%           100%        7
 Spellforged Servitor     Conj/Summ      0%           100%        7
 Summon Greater Demon     Summ           0%           100%        7
 Discord                  Hex            0%           100%        8
 Summon Horrible Things   Summ           0%           100%        8


Dungeon Overview and Level Annotations

Branches:
Dungeon (15/15)            Temple (1/1) D:4            Lair (6/6) D:11
  Swamp (2/4) Lair:4       Spider (1/4) Lair:3        Slime (0/5) Lair:5
    Orc (2/2) D:11            Elf (1/3) Orc:2        Vaults (0/5) D:14
 Depths (0/5) D:15         Bailey (visited)           IceCv (visited)
Volcano (visited)

Altars:
Ashenzari
Cheibriados
Dithmenos
Elyvilon
Fedhas
Gozag
Hepliaklqana
Kikubaaqudgha
Makhleb
Nemelex Xobeh
Okawaru
Qazlal
Ru
Sif Muna
Trog
Uskayaw
Vehumet
Wu Jian
Xom
Yredelemnul
Zin
The Shining One
Beogh
Jiyva

Shops:
D:4 (   Orc:1 [   Orc:2 }(([*

Annotations:
Spider:1 1 transporter
Elf:1 Xihoome's ghost, veteran MiGl


Innate Abilities, Weirdness & Mutations

You are resistant to damage.
You can heal yourself by infusing magical energy.
You resist negative energy. (rN+)
You passively map a large area around you.
You do not regenerate.


Message History

a +0 leather armour; a +0 flail
Items here: ))) [[.
You see here a +0 flail.
There is an escape hatch in the ceiling here.
There is an open door here.
There is a staircase to the Orcish Mines here.
You climb downwards.
Welcome back to the Orcish Mines!
There is a staircase back to the Dungeon here.
There is a stone staircase leading down here.
You climb downwards.
There is a stone staircase leading up here.
Things that are here:
a +0 dagger; a cursed +0 robe; a cursed +0 dagger
There is a staircase to the Elven Halls here.
You climb downwards.
Welcome back to the Elven Halls!
Level annotation: Xihoome's ghost, veteran MiGl You block Xihoome's ghost's attack.
There is a staircase back to the Mines, spattered with blood here.
Xihoome's ghost hits you!!!
You die...

###.....# ##'...##
##.#'### #.##.#
##########
.###.###..≈≈≈...##
##
#......≈≈≈....## #
#.##..≈≈≈≈≈....#
#.###.≈≈≈≈≈....#
#.# #.≈≈≈≈≈.W@.#
#.# #.≈≈≈≈≈....#
#.# #.≈≈≈≈≈.(..#
#W# #..≈≈≈....##
####'###..≈≈≈...##
#.....##.########
.........#
.........#
..#.#.#..#


You could see Xihoome's ghost.

Vanquished Creatures
  Jorgrun (Orc:1)
  Kirke (D:13)
  Frances (D:12)
  2 orc warlords
  The ghost of Ceyroiss the Quickloader, a journeyman HuWn of Dithmenos (Lair:4)
  3 bunyips (Swamp:1)
  A deep elf death mage (Elf:1)
  2 eleionomae
  A fire dragon (Lair:4)
  A yaktaur captain (D:15)
  A hydra (Lair:5)
  An ice dragon (Lair:4)
  2 ghost crabs (Lair:4)
  4 boulder beetles
  8 centaur warriors
  Erica (Lair:2)
  3 catoblepae (Lair:6)
  10 two-headed ogres
  A dancing weapon (Elf:1)
  3 alligators (Swamp:1)
  2 ogre magi (D:15)
  17 death yaks (Lair:6)
  2 tengu warriors
  3 orc high priests
  A hell knight (Volcano)
  2 deep elf knights
  Urug (Lair:4)
  A salamander mystic (Volcano)
  2 swamp dragons (Swamp:2)
  2 spriggan druids (Swamp:2)
  2 goliath frogs (Swamp:2)
  The ghost of bnorton916 the Frost Mage, a novice BaIE of Cheibriados (D:8)
  The ghost of Zeld the Cruncher, a novice OpGl (D:5)
  3 deep elf archers (Elf:1)
  2 bog bodies
  2 wolf spider zombies
  7 orc knights
  A necromancer (IceCv)
  3 orb spiders (Spider:1)
  10 orc sorcerers
  A wolf spider (Lair:3)
  5 manticores
  5 cyclopes
  2 will-o-the-wisps
  16 deep elf magi
  5 oklob plants
  6 salamanders (Volcano)
  11 ugly things
  Maurice (D:11)
  16 elephants
  5 black mambas
  4 ice statues (IceCv)
  13 cane toads
  A torpor snail (Lair:6)
  8 centaur zombies
  Maggie (D:8)
  5 kobold demonologists
  A komodo dragon (shapeshifter) (D:14)
  8 yaktaurs
  7 ice devils (IceCv)
  5 rime drakes
  8 komodo dragons
  A tengu conjurer (D:14)
  A polar bear (shapeshifter) (D:14)
  A jumping spider (Lair:3)
  3 polar bears
  5 trolls
  4 tyrant leeches
  Grinder (D:5)
  2 hornets
  13 blink frogs
  2 dream sheep (Lair:2)
  20 slime creatures
  6 redbacks (Lair:3)
  A redback (shapeshifter) (D:15)
  6 spriggans
  A vampire (D:14)
  2 air elementals (Elf:1)
  53 yaks
  3 tarantellas (Lair:3)
  A wraith (D:15)
  2 wyverns
  3 fire bats (Lair:4)
  4 basilisks
  5 hogs (D:14)
  A golden eye (shapeshifter) (D:14)
  A fire elemental (Orc:2)
  11 humans (D:14)
  A death yak simulacrum (Lair:4)
  20 vampire mosquitoes
  A naga (shapeshifter) (D:15)
  4 swamp worms
  4 wargs
  2 soldier ants
  2 hydra simulacra (Lair:4)
  Duvessa (D:5)
  2 acid dragons
  10 water moccasins
  40 orc warriors
  3 black bears
  6 ice beasts
  2 sky beasts
  A hornet zombie (D:14)
  A necrophage (D:14)
  2 phantoms
  A black mamba simulacrum (Lair:4)
  34 wolves
  10 ogres
  17 centaurs
  12 big kobolds
  21 bullfrogs
  An earth elemental (Elf:1)
  3 gnoll sergeants (D:5)
  2 wyvern zombies
  Dowan (D:5)
  A cane toad simulacrum (Lair:4)
  A wyvern skeleton (D:15)
  3 scorpions
  3 killer bees (D:12)
  18 wights
  5 howler monkeys
  4 bullfrog zombies
  A komodo dragon simulacrum (Lair:4)
  2 quasits
  4 draconian simulacra (IceCv)
  8 centaur skeletons
  7 jellies
  3 gnoll shamans
  24 orc priests
  4 bullfrog skeletons
  5 hounds
  4 iguanas
  33 orc wizards
  17 hell rats
  9 worker ants
  3 troll simulacra (IceCv)
  2 centaur simulacra (IceCv)
  3 hound zombies
  A howler monkey zombie (D:7)
  16 gnolls
  2 worker ant zombies (D:3)
  An ogre simulacrum (IceCv)
  14 river rats (Lair:1)
  18 adders
  4 shadow imps
  6 oozes
  2 adder skeletons
  2 adder zombies (D:3)
  3 worms
  3 dart slugs
  8 leopard geckos
  135 orcs
  2 ball pythons
  12 giant cockroaches
  14 goblins
  9 hobgoblins
  9 jackals
  35 kobolds
  10 quokkas
  A ball python skeleton (D:3)
  6 bats
  7 frilled lizards
  3 leopard gecko zombies
  A quokka skeleton (D:3)
  A quokka zombie (D:3)
  22 rats
1115 creatures vanquished.

Vanquished Creatures (collateral kills)
  Rupert (D:14)
  Louise (D:14)
  2 eleionomae
  A boulder beetle (D:12)
  13 hydras
  A dancing weapon (Elf:1)
  A death knight (D:12)
  An alligator (Swamp:2)
  A death yak (Lair:6)
  A flayed ghost (D:15)
  2 swamp dragons
  A deep elf archer (Elf:1)
  A lindwurm (Lair:2)
  2 orc knights (Bailey)
  An ugly thing (D:14)
  2 cane toads (Lair:1)
  A freezing wraith (D:14)
  2 komodo dragons
  3 tyrant leeches
  2 dream sheep (Lair:6)
  A blink frog (Lair:4)
  5 humans (D:14)
  8 yaks
  A fire bat (Lair:4)
  A vampire mosquito (D:12)
  3 swamp worms
  A water moccasin (Lair:6)
  A wolf (Lair:1)
  3 bullfrogs (Lair:1)
  An earth elemental (Elf:1)
65 creatures vanquished.

Vanquished Creatures (others)
  Nessos (D:15)
  A spriggan druid (Swamp:1)
  A will-o-the-wisp (Swamp:1)
  A tyrant leech (Swamp:1)
  A hornet (Swamp:1)
  A spriggan (Swamp:1)
  A tarantella (Spider:1)
  An orc (Orc:2)
  A jackal (D:5)
  A bush (Lair:5)
  15 foxfires
  17 fungi
  64 plants
  4 withered plants (D:3)
110 creatures vanquished.

Grand Total: 1290 creatures vanquished

Notes
Turn   | Place    | Note
-------+----------+-------------------------------------------
     0 | D:1      | Zeld the Deep Dwarf Fighter began the quest for the Orb.
     0 | D:1      | Reached XP level 1. HP: 20/20 MP: 1/1
    92 | D:1      | Reached XP level 2. HP: 27/27 MP: 2/2
   646 | D:1      | Reached XP level 3. HP: 30/33 MP: 3/3
  1194 | D:2      | Found a sparkling altar of Nemelex Xobeh.
  1276 | D:2      | Found a glowing golden altar of the Shining One.
  1389 | D:2      | Reached XP level 4. HP: 26/40 MP: 4/4
  1424 | D:2      | Reached skill level 5 in Axes
  1847 | D:2      | Found a broken altar of Ashenzari.
  1948 | D:3      | Found a stormy altar of Qazlal.
  2019 | D:3      | Found a hide-covered altar of Uskayaw.
  2187 | D:3      | Reached XP level 5. HP: 36/46 MP: 5/5
  2856 | D:4      | Found a staircase to the Ecumenical Temple.
  2865 | Temple   | Entered the Ecumenical Temple
  2969 | Temple   | Became a worshipper of Makhleb the Destroyer
  3143 | D:4      | Reached XP level 6. HP: 39/55 MP: 6/6
  3419 | D:4      | Found Unejamp's Weapon Boutique.
  3571 | D:5      | Entered Level 5 of the Dungeon
  3581 | D:5      | Reached XP level 7. HP: 34/61 MP: 7/7
  3833 | D:5      | Reached * piety under Makhleb
  3861 | D:5      | Reached skill level 10 in Axes
  3969 | D:5      | Found a bloodstained altar of Trog.
  4025 | D:5      | Identified the +1 ring mail of a volcano {*Slow rElec
                  | Stlth+}
  4030 | D:5      | Found a transporter.
  4044 | D:5      | Noticed Grinder
  4049 | D:5      | Paralysed by Grinder for 4 turns
  4059 | D:5      | Killed Grinder
  4060 | D:5      | Reached XP level 8. HP: 55/68 MP: 7/7
  4074 | D:5      | Noticed Duvessa
  4074 | D:5      | Noticed Dowan
  4083 | D:5      | Killed Duvessa
  4085 | D:5      | Killed Dowan
  4160 | D:5      | Found a transporter.
  4568 | D:6      | Found an opulent altar of Gozag.
  4569 | D:6      | Found a basalt altar of Yredelemnul.
  4571 | D:6      | Found a blossoming altar of Fedhas.
  4573 | D:6      | Found an ancient bone altar of Kikubaaqudgha.
  4578 | D:6      | Found a stormy altar of Qazlal.
  5023 | D:6      | Found a sparkling altar of Nemelex Xobeh.
  5117 | D:7      | Reached ** piety under Makhleb
  5125 | D:7      | Gained mutation: You passively map the area around you.
                  | [Deep Dwarf growth]
  5125 | D:7      | Reached XP level 9. HP: 52/74 MP: 7/7
  5757 | D:8      | Noticed Maggie
  5771 | D:8      | Killed Maggie
  5810 | D:8      | Found Wuinnunne's Magic Scroll Shoppe.
  5820 | D:8      | Bought a scroll of identify for 26 gold pieces
  5820 | D:8      | Bought a scroll of amnesia for 45 gold pieces
  5820 | D:8      | Bought a scroll of remove curse for 39 gold pieces
  5820 | D:8      | Bought a scroll of magic mapping for 45 gold pieces
  5820 | D:8      | Bought a scroll of teleportation for 39 gold pieces
  5820 | D:8      | Bought a scroll of amnesia for 45 gold pieces
  5820 | D:8      | Bought a scroll of random uselessness for 13 gold pieces
  5820 | D:8      | Bought a scroll of random uselessness for 13 gold pieces
  6041 | D:8      | Reached *** piety under Makhleb
  6414 | D:8      | Found a runed translucent gate.
  6414 | D:8      | Found a runed translucent gate.
  6416 | D:8      | Found a runed translucent gate.
  6417 | D:8      | Noticed bnorton916's ghost (novice BaIE)
  6716 | D:8      | Killed bnorton916's ghost
  6717 | D:8      | Reached skill level 15 in Axes
  6717 | D:8      | Reached XP level 10. HP: 76/81 MP: 8/8
  6894 | D:9      | Found a flagged portal.
  6900 | Bailey   | Entered a bailey
  7007 | Bailey   | Noticed an orc knight
  7007 | Bailey   | Noticed an orc knight
  7007 | Bailey   | Noticed an orc knight
  7880 | Bailey   | Killed an orc knight
  7881 | Bailey   | Reached skill level 1 in Invocations
  7886 | Bailey   | Killed an orc knight
  7887 | Bailey   | Reached skill level 2 in Invocations
  7889 | Bailey   | Killed an orc knight
  7890 | Bailey   | Reached skill level 3 in Invocations
  8189 | Bailey   | Got a jewelled plate armour
  8210 | Bailey   | Identified the +7 plate armour of the Gusle {Int+7} (You
                  | found it in a bailey)
  8279 | D:9      | Reached skill level 4 in Invocations
  8373 | D:9      | Noticed a two-headed ogre
  8379 | D:9      | Killed a two-headed ogre
  8380 | D:9      | Reached skill level 5 in Invocations
  8408 | D:9      | Noticed a two-headed ogre
  8427 | D:9      | Killed a two-headed ogre
  8428 | D:9      | Reached skill level 5 in Fighting
  8428 | D:9      | Reached XP level 11. HP: 69/94 MP: 10/12
  8525 | D:9      | Found a sacrificial altar of Ru.
  8538 | D:9      | Noticed a two-headed ogre
  8556 | D:9      | Killed a two-headed ogre
  8557 | D:9      | Reached skill level 5 in Shields
  8557 | D:9      | Reached skill level 6 in Invocations
  8616 | D:9      | Found a shimmering blue altar of Sif Muna.
  8941 | D:10     | Entered Level 10 of the Dungeon
  9070 | D:5      | Noticed Zeld's ghost (novice OpGl)
  9101 | D:5      | Killed Zeld's ghost
  9101 | D:5      | Reached **** piety under Makhleb
  9102 | D:5      | Reached skill level 7 in Invocations
  9102 | D:5      | Paralysed by a gnoll for 6 turns
 10034 | D:10     | Noticed a green ugly thing
 10047 | D:10     | Killed a green ugly thing
 10365 | D:11     | Noticed an orc knight
 10372 | D:11     | Reached skill level 8 in Invocations
 10386 | D:11     | Killed an orc knight
 10438 | D:11     | Reached skill level 9 in Invocations
 10499 | D:11     | Reached ***** piety under Makhleb
 10713 | D:11     | Noticed Maurice
 10713 | D:11     | Noticed a green ugly thing
 10730 | D:11     | Killed a green ugly thing
 10731 | D:11     | Killed Maurice
 10792 | D:11     | Found a staircase to the Lair.
 10845 | D:11     | Found a staircase to the Orcish Mines.
 10862 | D:11     | Noticed a white ugly thing
 10880 | D:11     | Killed a white ugly thing
 11175 | Lair:1   | Entered Level 1 of the Lair of Beasts
 11189 | Lair:1   | Noticed a seven-headed hydra
 11202 | Lair:1   | Killed a seven-headed hydra
 11203 | Lair:1   | Reached skill level 10 in Invocations
 11448 | Lair:1   | Noticed a six-headed hydra
 11460 | Lair:1   | Reached XP level 12. HP: 94/110 MP: 15/15
 11485 | Lair:1   | Killed a seven-headed hydra
 11704 | Lair:1   | Noticed an eight-headed hydra
 11720 | Lair:1   | Killed a nine-headed hydra
 11946 | Lair:1   | Noticed a four-headed hydra
 11947 | Lair:1   | Noticed a five-headed hydra
 11981 | Lair:1   | Killed a five-headed hydra
 11988 | Lair:1   | Killed a six-headed hydra
 12096 | Lair:1   | Reached skill level 11 in Invocations
 12116 | Lair:1   | Noticed a six-headed hydra
 12126 | Lair:1   | Killed a seven-headed hydra
 12154 | Lair:1   | Noticed a five-headed hydra
 12163 | Lair:1   | Killed a five-headed hydra
 12930 | D:12     | Reached skill level 12 in Invocations
 13017 | D:12     | Noticed a boulder beetle
 13041 | D:12     | Killed a boulder beetle
 13066 | D:12     | Found a shimmering blue altar of Sif Muna.
 13218 | D:12     | Noticed a death knight
 13241 | D:12     | Killed a death knight
 13461 | D:13     | Noticed a centaur warrior
 13468 | D:13     | Killed a centaur warrior
 13469 | D:13     | Reached XP level 13. HP: 123/123 MP: 16/16
 13482 | D:13     | Reached skill level 13 in Invocations
 13561 | D:13     | Reached skill level 10 in Fighting
 14045 | D:14     | Reached skill level 14 in Invocations
 14200 | D:14     | Identified the +4 hand axe "Ogreslayer" {vorpal, +Inv rF+
                  | Int+4 SInv Stlth+}
 14578 | D:14     | Noticed Rupert
 14643 | D:14     | Reached skill level 10 in Shields
 14699 | D:14     | Killed Rupert
 14700 | D:14     | Reached skill level 15 in Invocations
 14782 | D:14     | Found a gate to the Vaults.
 14936 | D:14     | Gained mutation: You resist negative energy. (rN+) [Deep
                  | Dwarf growth]
 14936 | D:14     | Reached XP level 14. HP: 135/135 MP: 16/16
 14967 | D:14     | Noticed Louise
 14992 | D:14     | Killed Louise
 15377 | D:14     | Noticed Kirke
 15379 | D:14     | Noticed Frances
 15391 | D:14     | Noticed a sphinx
 15394 | D:14     | Noticed a sphinx
 15918 | D:12     | Killed Frances
 16205 | D:13     | Killed Kirke
 16559 | D:15     | Entered Level 15 of the Dungeon
 16723 | D:15     | Noticed Nessos
 16736 | D:15     | Reached skill level 16 in Invocations
 16740 | D:15     | Killed Nessos
 16782 | D:15     | Found a white marble altar of Elyvilon.
 16805 | D:15     | Found a staircase to the Depths.
 17195 | D:15     | Reached skill level 17 in Invocations
 18008 | Orc:1    | Entered Level 1 of the Orcish Mines
 18076 | Orc:1    | Noticed Jorgrun
 18099 | Orc:1    | Killed Jorgrun
 18100 | Orc:1    | Reached XP level 15. HP: 122/147 MP: 13/13
 18284 | Orc:1    | Noticed an orc warlord
 18326 | Orc:1    | Killed an orc warlord
 18690 | Orc:1    | Found Kareavuw's Armour Shop.
 18900 | Orc:2    | Entered Level 2 of the Orcish Mines
 18911 | Orc:2    | Found a staircase to the Elven Halls.
 18924 | Orc:2    | Noticed an orc warlord
 19138 | Orc:2    | Killed an orc warlord
 19195 | Orc:2    | Found Limeoreocw's General Store.
 19245 | Orc:2    | Bought a scroll of identify for 30 gold pieces
 19245 | Orc:2    | Bought a potion of might for 60 gold pieces
 19245 | Orc:2    | Bought a potion of ambrosia for 120 gold pieces
 19336 | Orc:2    | Found a roughly hewn altar of Beogh.
 19402 | Orc:2    | Found a roughly hewn altar of Beogh.
 19507 | Orc:2    | Found a burning altar of Makhleb.
 19586 | Orc:2    | Reached skill level 18 in Invocations
 19589 | Orc:2    | Found a roughly hewn altar of Beogh.
 19590 | Orc:2    | Found Xolemoama's Gadget Shop.
 19623 | Orc:2    | Bought a phial of floods for 480 gold pieces
 19623 | Orc:2    | Bought a phantom mirror for 480 gold pieces
 19625 | Orc:2    | Bought a wand of disintegration (15) for 228 gold pieces
 19625 | Orc:2    | Bought a wand of iceblast (12) for 192 gold pieces
 19625 | Orc:2    | Bought a wand of polymorph (6) for 96 gold pieces
 19709 | Orc:2    | Found a roughly hewn altar of Beogh.
 19764 | Orc:2    | Found a roughly hewn altar of Beogh.
 19898 | Orc:2    | Found a roughly hewn altar of Beogh.
 19966 | Orc:2    | Found a roughly hewn altar of Beogh.
 19967 | Orc:2    | Found Sonnugh's Weapon Shoppe.
 20038 | Orc:2    | Noticed an orc warlord
 20544 | Orc:2    | Found Qofuzaaf's Antique Armour Shop.
 20550 | Orc:2    | Found a roughly hewn altar of Beogh.
 20604 | Orc:2    | Found Hetig's Antique Weapon Boutique.
 20619 | Orc:2    | Bought a glowing war axe for 201 gold pieces
 20735 | Orc:2    | Reached ****** piety under Makhleb
 21116 | Lair:2   | Found a dark tunnel.
 21135 | Volcano  | Entered a volcano
 21169 | Volcano  | Found a bloodstained altar of Trog.
 21209 | Volcano  | Got a pair of crude gloves
 21220 | Volcano  | Identified the cursed +0 pair of gloves of Agnosticism {rF+
                  | rC+ rCorr Dex-3} (You found it in a volcano)
 21523 | Lair:2   | Noticed Erica
 21534 | Lair:2   | Killed Erica
 22534 | Lair:3   | Identified the Grimoire of Malediction
 22596 | Lair:3   | Found a hole to the Spider Nest.
 23086 | Lair:4   | Found a runed translucent gate.
 23086 | Lair:4   | Found a runed translucent gate.
 23086 | Lair:4   | Found a frozen archway.
 23090 | Lair:4   | Found a runed translucent gate.
 23144 | IceCv    | Entered an ice cave
 23742 | IceCv    | Identified the +0 robe "Rutrent" {rPois Will++ Str-3
                  | Slay+3}
 24812 | Lair:4   | Noticed Ceyroiss's ghost (journeyman HuWn)
 24825 | Lair:4   | Reached skill level 19 in Invocations
 24863 | Lair:4   | Killed Ceyroiss's ghost
 24864 | Lair:4   | Reached XP level 16. HP: 130/160 MP: 5/5
 24926 | Lair:4   | Found a staircase to the Swamp.
 25060 | Lair:4   | Noticed Urug
 25076 | Lair:4   | Killed Urug
 26264 | Lair:4   | Got a slimy tin ring
 26794 | Lair:5   | Found a staircase to the Slime Pits.
 26794 | Lair:5   | Found a viscous altar of Jiyva.
 26951 | Lair:5   | Identified the ring of Wemol {rPois rCorr} (You found it on
                  | level 4 of the Lair of Beasts)
 27173 | Lair:5   | Found the macabre finger necklace {rN+}
 27895 | Lair:6   | Entered Level 6 of the Lair of Beasts
 27934 | Lair:6   | Reached skill level 15 in Fighting
 28030 | Lair:6   | Reached skill level 20 in Invocations
 29727 | Swamp:1  | Entered Level 1 of the Swamp
 29789 | Swamp:1  | Reached XP level 17. HP: 164/171 MP: 3/3
 32757 | Swamp:2  | Reached skill level 21 in Invocations
 32889 | Swamp:2  | Gained mutation: You passively map a large area around you.
                  | [Deep Dwarf growth]
 32889 | Swamp:2  | Reached XP level 18. HP: 98/181 MP: 1/1
 33657 | Orc:2    | Bought a glowing broad axe for 217 gold pieces
 33657 | Orc:2    | Bought a glowing battleaxe for 294 gold pieces
 33805 | Elf:1    | Entered Level 1 of the Elven Halls
 34823 | Elf:1    | Reached skill level 15 in Shields
 35251 | Elf:1    | Found a runed translucent gate.
 35251 | Elf:1    | Found a runed translucent gate.
 35251 | Elf:1    | Found a runed translucent gate.
 35251 | Elf:1    | Noticed Xihoome's ghost (veteran MiGl)
 35605 | Spider:1 | Entered Level 1 of the Spider Nest
 36788 | Spider:1 | Found a transporter.
 37124 | Spider:1 | Reached skill level 1 in Evocations
 37421 | Elf:1    | Slain by Xihoome's ghost

Illustrated notes

Levels and vault maps discovered:
D:1:      evilmike_arrival_home_sweet_home, layout_basic
D:2:      layout_loops_ring, marbit_many_paths, nicolae_overflow_hidden_temple,
          lemuel_altar_in_water
D:3:      minmay_bubble_buster, layout_loops_corners, old_standard_altar,
          serial_undead, serial_undead_d, serial_undead_f, serial_undead_b,
          serial_undead_e, serial_undead_d, serial_undead_c, serial_undead_d,
          serial_undead_e, minmay_misc_feat_secret_circle,
          nicolae_qazlal_general_emergency
D:4:      layout_rooms, minmay_temple_entry_wispy, serial_shops,
          nicolae_shop_stone
D:5:      layout_rooms, bloody_trog, serial_rivers,
          chequers_serial_rivers_micro_c, chequers_serial_rivers_micro_a,
          chequers_serial_rivers_micro_a, chequers_serial_rivers_room_a,
          chequers_serial_rivers_small_a, gammafunk_ghost_gnarly_gnolls,
          kennysheep_decorative_pillar, chequers_serial_rivers_large_b,
          serial_park_tiny_2, uniq_grinder, uniq_duvessa
D:6:      layout_loops_ring, grunt_temple_overflow_open,
          nemelex_diamond_rough_becter
D:7:      layout_cave_pools
D:8:      layout_loops_corners, ebering_ghost_rock_garden, serial_shops, shop,
          uniq_maggie
D:9:      layout_loops_ring, lemuel_doored_altar,
          nicolae_overflow_crystal_walls, enter_bailey_3
D:10:     layout_long_grid
D:11:     layout_roguey, lair_entry_dummy, orc_0_dummy, uniq_maurice
D:12:     layout_loops_cross, basic_altar
D:13:     layout_roguey
D:14:     minmay_the_grid_octo_tiled_squarecenter
          [minmay_the_grid_octo_clover_2, minmay_the_grid_octo_empty,
          minmay_the_grid_octo_odd_swirl, minmay_the_grid_octo_tetromino_candy,
          minmay_the_grid_square_5x5_megaprize_checkered,
          minmay_the_grid_square_5x5_tie, minmay_the_grid_square_5x5_dogpile,
          minmay_the_grid_square_5x5_eight_small,
          minmay_the_grid_square_5x5_two_walls_b], layout_basic, david_vaults_3,
          minmay_holes, uniq_frances, uniq_louise, uniq_kirke, uniq_rupert
D:15:     grunt_enter_depths_snipers, layout_cave_pools, elyvilon_altar_5,
          kennysheep_four_rooms, uniq_nessos
Temple:   minmay_temple_curvy_loop
Lair:1:   lemuel_ratsnest, layout_cave_pods
Lair:2:   wad_woods_settlement, layout_hall_layers,
          nicolae_volcano_entry_vermiform, uniq_erica
Lair:3:   layout_hall_layers, spider_nest_entry_a, st_stairs_11,
          chequers_serial_rivers_micro_d, minmay_lair_oklob_items,
          lemuel_fruit_fields, grunt_megastairs_2
Lair:4:   dragon1_lemuel, layout_misc_corridors, minmay_swamp_entry_swarm,
          portal_ice_cave_entry_pillars_2, gammafunk_ghost_icy, uniq_urug
Lair:5:   layout_layer_cave, slime_altar_1, chequers_serial_rivers_micro_d,
          grunt_forest_large_clearings, minmay_lair_oklob_chamber,
          infiniplex_staircase_pool_2, grunt_megastairs_5
Lair:6:   evilmike_catoblepas_cave, layout_cave_pods, minmay_stone_trees_medium
Swamp:1:  layout_falls_marsh, evilmike_swamp_ruin_house_4, swamp_pool2,
          grunt_hermit_hut
Swamp:2:  layout_basic_swamp, evilmike_swamp_ruin_house_3
Spider:1: gammafunk_its_a_trap, drop_trap
Orc:1:    layout_diamond_mine, serial_shops, nicolae_shop_behind_doors,
          elf_legates, uniq_jorgrun
Orc:2:    grunt_orc_community_town_hall, layout_diamond_mine,
          grunt_orc_community_big_house_1, grunt_orc_community_big_house_1,
          grunt_orc_community_house_2, grunt_orc_community_house_1,
          grunt_orc_community_house_2, grunt_orc_community_house_3,
          grunt_orc_community_house_3, grunt_orc_community_house_2,
          serial_shops, shop, bloody_makhleb
Elf:1:    eino_elf_arrival_sip, layout_geoelf_grid, ebering_ghost_rock_garden,
          minmay_elf_annihilation, glass_columns_b, grunt_megastairs_3,
          uniq_asterion

Skill      XL: |  1  2  3  4  5  6  7  8  9 10 11 12 13 14 15 16 17 18 |
---------------+-------------------------------------------------------+-----
Axes           | 3 4 5 7 8 10 12 15 16 | 16.0
Fighting       | 5 7 9 11 13 14 15 16 | 16.3
Invocations    | 5 10 12 15 17 19 20 21 | 21.5
Shields        | 4 6 8 10 11 12 13 14 15 | 15.0
Evocations     | 1 |  1.2
Armour         | |  3.2

Action                   |  1- 3 |  4- 6 |  7- 9 | 10-12 | 13-15 | 16-18 || total
-------------------------+-------+-------+-------+-------+-------+-------++-------
Melee: War axe           |   117 |   234 |   434 |   737 |   718 |   998 ||  3238
       Hand axe          |       |       |       |       |  1156 |       ||  1156
       Unarmed           |       |       |       |       |    10 |       ||    10
       Long sword        |       |       |       |       |       |   190 ||   190
Invok: Lesser Servant of |       |       |       |    29 |    31 |    34 ||    94
       Major Destruction |       |       |       |       |    15 |    16 ||    31
       Greater Servant o |       |       |       |       |     2 |     2 ||     4
 Abil: Heal Wounds       |       |     5 |     8 |    24 |    70 |    32 ||   139
Evoke: Wand              |       |       |       |    27 |     3 |    52 ||    82
       Phantom mirror    |       |       |       |       |     1 |     2 ||     3
       Box of beasts     |       |       |       |       |       |     1 ||     1
  Use: Potion            |       |       |     1 |       |       |    17 ||    18
       Scroll            |       |       |    12 |     6 |    18 |    22 ||    58
 Stab: Distracted        |       |       |       |     1 |     2 |     1 ||     4
       Paralysed         |       |       |       |       |       |    17 ||    17
Armor: Scale mail        |    40 |   111 |   129 |       |       |       ||   280
       Plate armour      |       |       |    14 |   319 |   663 |   709 ||  1705
Dodge: Dodged            |    36 |    61 |    98 |    79 |   277 |   257 ||   808
Block: Kite shield       |    54 |   121 |   198 |   534 |  1328 |  1244 ||  3479
       Reflection        |       |       |       |    24 |    45 |    15 ||    84
       Other             |       |       |       |       |    13 |       ||    13
       Rpst.: Long sword |       |       |       |       |       |    10 ||    10
